 Dungeon Crawl Stone Soup version 0.31-a0-846-gb3bcc0d938 (webtiles) character file.

Game seed: 16658220499787228538

53 Pixllover the Chopper (level 3, -4/33 HPs)
             Began as a Hill Orc Monk on Oct 4, 2023.
             Slain by a river rat (8 damage)
             ... on level 4 of the Dungeon.
             The game lasted 00:02:37 (1913 turns).

Pixllover the Chopper (Hill Orc Monk)               Turns: 1913, Time: 00:02:37

Health: -4/33      AC:  2    Str: 15    XL:     3   Next: 89%
Magic:  3/3        EV: 12    Int: 10    God:
Gold:   127        SH:  0    Dex: 13    Spells: 2/2 levels left

rFire   . . .        a - +0 hand axe
rCold   . . .        d - orb {light}
rNeg    . . .        b - +0 robe
rPois   .            (no helmet)
rElec   .            (no cloak)
rCorr   .            (no gloves)
SInv    .            (no boots)
Will    .....        (no amulet)
Stlth   +            (no ring)
HPRegen 0.25/turn    (no ring)
MPRegen 0.08/turn

%: no passive effects
@: glowing
A: no striking features
a: no special abilities


You were on level 4 of the Dungeon.
You visited 1 branch of the dungeon, and saw 4 of its levels.

You collected 127 gold pieces.

Inventory:

Hand Weapons
 a - a +0 hand axe (weapon)
 p - a +5 mace
Missiles
 e - 10 poisoned darts (quivered)
 f - 2 silver javelins
 q - 5 curare-tipped darts
Armour
 b - a +0 robe (worn)
 d - an orb of light (worn)
Scrolls
 i - a scroll of teleportation {unknown}
 j - a scroll of revelation {unknown}
 l - a scroll of immolation {unknown}
 m - a scroll of blinking {unknown}
 o - a scroll of torment {unknown}
Potions
 c - a potion of ambrosia
 g - a potion of degeneration {unknown}
 h - 2 potions of attraction {unknown}
 k - 3 potions of mutation {unknown}
 n - a potion of curing {unknown}


   Skills:
 + Level 4.1 Fighting
 + Level 5.2 Axes
 + Level 2.9 Dodging


You had 2 spell levels left.
You didn't know any spells.
Your spell library contained the following spells:

 Spells                   Type           Power      Damage    Failure   Level
 Call Canine Familiar     Summ           0%         N/A       75%         3
 Sigil of Binding         Hex            0%         N/A       75%         3
 Dimensional Bullseye     Hex/Tloc       0%         N/A       98%         4
 Leda's Liquefaction      Hex/Erth       0%         N/A       98%         4


Dungeon Overview and Level Annotations

Branches:
Dungeon (4/15)
 Temple: D:4-7

Altars:
Makhleb

Portals:
Sewer: D:4


Message History

You barely miss the adder.
The adder is lightly wounded.
You feel sick. The adder barely misses you. The adder closely misses you.
You barely miss the adder.
The adder is lightly wounded.
You feel sick. The adder bites you.
You hit the adder but do no damage.
The adder is lightly wounded.
You feel sick. The adder bites you.
You hit the adder.
The adder is moderately wounded.
You feel sick. The adder completely misses you. The adder bites you.
You hit the adder.
The adder is severely wounded.
You feel sick. The adder bites you but does no damage.
You hit the adder.
You kill the adder!
You feel sick.
You are no longer poisoned.
A rat comes into view.
A ball python comes into view.
There is a stone staircase leading down here.
A river rat comes into view.
Found a glowing drain.
You hit the ball python.
The ball python is severely wounded.
The ball python bites you. The ball python grabs you.
The ball python constricts you.
You hit the ball python.
You kill the ball python!
You hit the rat.
You kill the rat!
You see here 16 gold pieces.
You now have 127 gold pieces (gained 16).
You hit the river rat but do no damage. The river rat barely misses you.
You barely miss the river rat. The river rat completely misses you.
You hit the river rat but do no damage. The river rat bites you!
* * * LOW HITPOINT WARNING * * *
You hit the river rat but do no damage. The river rat bites you!
You die...

~~~~....#
~∩~~....#
~~~~....+
~~~.....#
........#
........#
.......r#
......†@#
........+.....#
..##....#.....#
♣♣##...>#.....#
........#....>#
♣♣#.....#.....+
#.....#.....#
#.....#.....#
##....'.....#


You could see a river rat.

Vanquished Creatures
  2 adders
  3 ball pythons
  3 endoplasms
  2 giant cockroaches
  2 goblins
  3 hobgoblins
  2 kobolds
  3 quokkas
  6 bats
  A frilled lizard (D:1)
  6 rats
33 creatures vanquished.

Notes
Turn   | Place    | Note
-------+----------+-------------------------------------------
     0 | D:1      | Pixllover the Hill Orc Monk began the quest for the Orb.
     0 | D:1      | Reached XP level 1. HP: 19/19 MP: 1/1
   124 | D:1      | Reached XP level 2. HP: 15/27 MP: 2/2
   982 | D:3      | Reached XP level 3. HP: 28/33 MP: 3/3
  1472 | D:3      | Found a burning altar of Makhleb.
  1474 | D:3      | Noticed a cacodemon
  1478 | D:3      | Noticed a neqoxec
  1478 | D:3      | Noticed a hellwing
  1682 | D:3      | Reached skill level 5 in Axes
  1905 | D:4      | Found a glowing drain.
  1913 | D:4      | Slain by a river rat

Illustrated notes

Levels and vault maps discovered:
D:1:      dpeg_arrival_court, layout_basic, feat_on_display
D:2:      layout_basic
D:3:      layout_basic, makhleb_altar_promises_db, kennysheep_generic_room_4
D:4:      layout_gridville, portal_sewer_entry_a, serial_shops,
          nicolae_shop_peninsula, serial_bayou_pond_e, uniq_grinder,
          uniq_sigmund, uniq_robin, uniq_ijyb

Skill      XL: |  1  2  3 |
---------------+----------+-----
Fighting       | 4 |  4.1
Axes           | 5 |  5.2
Dodging        | |  2.9

Action                     || total
---------------------------++-------
  Melee: Hand axe          ||    89
 Armour: Robe              ||    55
  Dodge: Dodged            ||    71

Table legend: (Time is in decaauts)
 A = Elapsed time spent in this place.
 B = Non-inter-level travel time spent in this place.
 C = Inter-level travel time spent in this place.
 D = Time resting spent in this place.
 E = Time spent auto-exploring this place.
 F = Levels seen in this place.
 G = Mean time per level.
                   A        B        C        D        E       F      G
               +--------+--------+--------+--------+--------+-----+--------+
         Total |   1918 |   1805 |    113 |    160 |   1166 |   4 |  479.5 |
       Dungeon |   1918 |   1805 |    113 |    160 |   1166 |   4 |  479.5 |
               +--------+--------+--------+--------+--------+-----+--------+

Top non-repeatable levels by time:
     D:3: 1058 daAuts
     D:1: 710 daAuts
     D:2: 104 daAuts
     D:4: 45 daAuts
